Map: Odyssey LE

Players

SamuraiFunn

  • Race: Protoss Protoss
  • Spawn Location: 5:00

A.I. 1 (Harder) - Winner!

  • Race: Protoss Protoss
  • Spawn Location: 11:00

VOD

Have the link to the VOD?

Description

Time

  • Played on: Oct. 29, 2017, 6:46 p.m.
  • Length: 6:04
Show
View Real Time Build Order
Export as new Build Order

SamuraiFunn Protoss 

Build Orders:  

Get SALT Encoding   

  12  0:01  Probe (Chrono Boost)  
  13  0:12  Probe (Chrono Boost)  
  14  0:22  Pylon  
  14  0:25  Probe (Chrono Boost)  
  15  0:40  Probe (Chrono Boost)  
  15  0:41  Gateway  
  16  0:51  Probe (Chrono Boost)  
  16  0:54  Gateway  
  17  1:01  Probe (Chrono Boost)  
  18  1:12  Probe (Chrono Boost)  
  18  1:15  Assimilator  
  19  1:22  Probe (Chrono Boost)  
  20  1:31  Cybernetics Core  
  20  1:33  Probe (Chrono Boost)  
  20  1:35  Pylon  
  21  1:40  Assimilator  
  21  1:44  Probe (Chrono Boost)  
  22  2:04  Forge  
  22  2:15  Adept  
  24  2:20  Adept  
  26  2:27  Pylon  
  26  2:29  Probe (Chrono Boost)  
  27  2:39  Probe (Chrono Boost)  
  28  2:44  Pylon  
  28  2:46  Adept  
  30  2:56  Protoss Ground Weapons Level 1  
  30  3:03  Probe (Chrono Boost)  
  31  3:11  Nexus  
  31  3:14  Probe (Chrono Boost)  
  31  3:17  Adept  
  34  3:24  Probe (Chrono Boost)  
  35  3:38  Probe (Chrono Boost)  
  35  3:41  Adept  
  38  3:48  Probe (Chrono Boost)  
  38  3:53  Gateway  
  39  4:00  Adept  
  39  4:01  Probe (Chrono Boost)  
  42  4:12  Probe (Chrono Boost)  
  43  4:34  Probe (Chrono Boost)  
  43  4:36  Adept  
  43  4:37  Adept  
  48  4:40  Adept  
  48  4:45  Probe (Chrono Boost)  
  51  4:46  Probe (Chrono Boost)  
  52  4:55  Probe (Chrono Boost)  
  53  5:02  Probe (Chrono Boost)  
  53  5:03  Adept  
  53  5:06  Probe (Chrono Boost)  
  57  5:08  Adept x2  
  57  5:13  Probe (Chrono Boost)  
  62  5:27  Pylon  
  62  5:30  Pylon  
Show
View Real Time Build Order
Export as new Build Order

A.I. 1 (Harder) Protoss - Winner!

Build Orders:  

Get SALT Encoding   

  12  0:01  Probe (Chrono Boost)  
  13  0:11  Probe (Chrono Boost)  
  14  0:19  Pylon  
  14  0:22  Probe (Chrono Boost)  
  15  0:37  Probe (Chrono Boost)  
  15  0:40  Gateway  
  16  0:47  Assimilator  
  16  0:48  Probe (Chrono Boost)  
  17  0:58  Probe (Chrono Boost)  
  17  1:00  Pylon  
  18  1:09  Probe (Chrono Boost)  
  19  1:21  Probe (Chrono Boost)  
  19  1:24  Zealot  
  20  1:29  Cybernetics Core  
  22  1:41  Gateway  
  22  1:46  Assimilator  
  22  2:01  Pylon  
  22  2:03  Adept  
  24  2:11  Warp Gate  
  24  2:28  Stalker  
  24  2:31  Stalker  
  28  2:43  Pylon  
  28  2:57  Stalker  
  30  3:00  Adept  
  30  3:03  Probe (Chrono Boost)  
  33  3:15  Probe (Chrono Boost)  
  34  3:21  Pylon  
  34  3:25  Stalker  
  35  3:27  Probe (Chrono Boost), Stalker  
  35  3:32  Forge  
  39  3:39  Probe (Chrono Boost)  
  40  3:51  Probe (Chrono Boost)  
  40  3:53  Zealot  
  41  4:02  Probe (Chrono Boost)  
  44  4:27  Probe (Chrono Boost)  
  44  4:50  Sentry  
  46  4:53  Gateway  
  46  4:57  Sentry, Pylon  
  46  4:58  Photon Cannon, Nexus  
  48  5:12  Stalker  
  50  5:19  Stalker  
  52  5:23  Twilight Council  
  52  5:34  Sentry  
  54  5:41  Stalker  
  50  5:48  Zealot  
  50  5:56  Zealot  
  50  6:03  Sentry  
Tags
 
Matchup
PvP
Replay Pack
First 100 games
Spawn Locations
Cross Positions
Add a new tag
Caveats
  • Supply blocks, unpowered buildings, or Contaminate may cause inaccurate times.
  • Supply counts are checked every 10 seconds.